 Dungeon Crawl Stone Soup version 0.28-a0-465-ge2dae52223 (webtiles) character file.

Game seed: 11207153142167646803

35249 SkeletonJelly the Blocker (level 13, -1/97 HPs)
             Began as a Merfolk Chaos Knight on Sept 15, 2021.
             Was a Plaything of Xom.
             Slain by a six-headed hydra (18 damage)
             ... on level 2 of the Lair of Beasts.
             The game lasted 00:40:10 (19557 turns).

SkeletonJelly the Blocker (Merfolk Chaos Knight)   Turns: 19557, Time: 00:40:11

Health: -1/97      AC: 21    Str: 18      XL:     13   Next: 82%
Magic:  13/13      EV: 13    Int: 10 (11) God:    Xom [.*....]
Gold:   889        SH: 12    Dex: 11      Spells: 12/12 levels left

rFire   . . .      SeeInvis .   a - +1 spear (chaos)
rCold   + . .      Faith    .   o - +0 kite shield
rNeg    . . .      Spirit   .   C - +2 swamp dragon scales
rPois   +          Reflect  .   L - +1 helmet
rElec   .          Harm     .   h - +1 cloak
rCorr   .          Rampage  ∞   d - +0 pair of gloves
Will    .....                   k - +3 pair of seven-league boots {Rampage+∞}
Stlth   +.........              (no amulet)
HPRegen 0.26/turn               M - ring of protection from cold
MPRegen 0.13/turn               N - ring of poison resistance

@: unable to read
A: (nimble swimmer 2), mertail, clumsy 1, deterioration 1, frail 1, inability to
read while threatened
a: Renounce Religion


You were on level 2 of the Lair of Beasts.
You worshipped Xom.
You were a plaything of Xom.
You visited 2 branches of the dungeon, and saw 13 of its levels.

You collected 889 gold pieces.

Inventory:

Hand Weapons
 a - a +1 spear of chaos (weapon)
Missiles
 f - 6 javelins
 g - 8 datura-tipped darts
 n - 40 poisoned darts (quivered)
 v - a throwing net
 z - 6 atropa-tipped darts
 Q - 4 silver javelins
Armour
 b - a +2 leather armour
 c - a +0 scale mail
 d - a +0 pair of gloves (worn)
 h - a +1 cloak (worn)
 k - the +3 pair of seven-league boots (worn) {Rampage+∞}
   (You found it on level 1 of the Lair of Beasts)

   Its wearer moves as far as possible in that direction when moving towards
   enemies.
 o - a +0 kite shield (worn)
 B - a +2 leather armour of cold resistance
 C - +2 swamp dragon scales (worn)
 E - the +0 ring mail of Gedulaxokh {Slay+2}
   (You found it on level 6 of the Dungeon)

   Slay:      It affects your accuracy & damage with ranged weapons and melee
   (+2).
 J - a +0 pair of boots
 L - a +1 helmet (worn)
Jewellery
 l - a ring of fire
 y - a +6 ring of intelligence
 F - a ring of fire
 M - a ring of protection from cold (left hand)
 N - a ring of poison resistance (right hand)
Wands
 w - a wand of iceblast (3)
 H - a wand of flame (25)
Scrolls
 e - 8 scrolls of identify
 i - 4 scrolls of enchant armour
 p - 12 scrolls of teleportation
 r - a scroll of magic mapping
 t - a scroll of noise {unknown}
 A - a scroll of amnesia
 K - 2 scrolls of blinking
 O - 2 scrolls of immolation
Potions
 j - 2 potions of haste
 m - 2 potions of resistance {unknown}
 q - a potion of attraction {unknown}
 s - a potion of brilliance
 u - 3 potions of ambrosia
 x - a potion of lignification {unknown}
 D - a potion of berserk rage {unknown}
 I - a potion of flight


   Skills:
 - Level 12.0 Fighting
 - Level 12.0 Polearms
 - Level 7.1 Armour
 - Level 8.2 Dodging
 + Level 14.8 Shields


You had 12 spell levels left.
You didn't know any spells.
Your spell library contained the following spells:

 Spells                   Type           Power      Damage    Failure   Level
 Apportation              Tloc           0%         N/A       54%         1
 Pain                     Necr           0%         1d4       54%         1
 Ensorcelled Hibernation  Hex/Ice        0%         N/A       67%         2
 Passwall                 Tmut/Erth      0%         N/A       67%         2
 Conjure Flame            Conj/Fire      0%         6-21      88%         3
 Dazzling Flash           Conj/Hex       0%         N/A       88%         3
 Ignite Poison            Fire/Tmut/Pois 0%         N/A       88%         3
 Stone Arrow              Conj/Erth      0%         3d7       88%         3
 Swiftness                Air            0%         N/A       88%         3
 Tukima's Dance           Hex            0%         N/A       88%         3
 Animate Armour           Summ/Erth      0%         N/A       99%         4
 Passage of Golubria      Tloc           N/A        N/A       99%         4
 Agony                    Necr           0%         N/A       100%        5
 Alistair's Intoxication  Tmut/Pois      0%         N/A       100%        5
 Excruciating Wounds      Necr           0%         N/A       100%        5
 Fireball                 Conj/Fire      0%         3d3       100%        5
 Yara's Violent Unravell  Hex/Tmut       0%         3d3       100%        5
 Invisibility             Hex            0%         N/A       100%        6
 Starburst                Conj/Fire      0%         6d3       100%        6
 Ignition                 Fire           0%         3d3       100%        8
 Lehudib's Crystal Spear  Conj/Erth      0%         10d2      100%        8


Dungeon Overview and Level Annotations

Branches:
Dungeon (11/15)            Temple (0/1) D:7            Lair (2/6) D:8
    Orc (0/2) D:11
  Swamp: Lair:2-4    Shoals: Lair:2-4     Snake: Lair:2-4    Spider: Lair:2-4

Altars:
Dithmenos
Elyvilon
Okawaru
Trog
Vehumet
The Shining One
Beogh

Shops:
D:1 [   D:2 :   D:9 =

Annotations:
D:4 3 runed translucent doors, AttackTheMoon's ghost, amateur GnWz
D:6 3 runed translucent doors, mdk's ghost, novice DECj


Innate Abilities, Weirdness & Mutations

((You are quick and stealthy near water. (Stealth+, EV+, Speed+++)))
Your lower body shifts to a powerful aquatic tail in water.
You are clumsy. (Dex -2)
Your body sometimes deteriorates upon taking damage.
You are frail. (-10% HP)
You sometimes lose the ability to read scrolls when taking damage.


Message History

No target in view!
No target in view!
No target in view!
No target in view!
No target in view!
No target in view!
No target in view!
No target in view!
No target in view!
No target in view!
No target in view!
No target in view!
No target in view!
No target in view!
No target in view!
No target in view!
No target in view!
No target in view!
No target in view!
No target in view!
Key pressed, stopping explore.
Key pressed, stopping explore.
You see here a yak corpse.
Key pressed, stopping explore.
You see here a +0 falchion.
You now have enough gold to buy a manual of Unarmed Combat on D:2.
You can access your shopping list by pressing '$'.
You now have 889 gold pieces (gained 18).
Health restored: 97 You open the door.
Found a stone staircase leading down.
There is an open door here.
You open the door.
There is an open door here.
A six-headed hydra comes into view.
The six-headed hydra roars!
A six-headed hydra is nearby!
A six-headed hydra is nearby!
You reach to attack!
You puncture the six-headed hydra!
The six-headed hydra is lightly wounded.
You puncture the six-headed hydra!
The six-headed hydra is moderately wounded.
You barely miss the six-headed hydra.
The six-headed hydra is moderately wounded.
The six-headed hydra bites you but does no damage.
You block the six-headed hydra's attack. x2
The six-headed hydra closely misses you.
The six-headed hydra barely misses you. The six-headed hydra bites you.
You take 1 damage, and have 96/97 hp.
You hit the six-headed hydra.
The six-headed hydra seems to slow down.
The six-headed hydra is moderately wounded.
You puncture the six-headed hydra!
The six-headed hydra is heavily wounded.
You completely miss the six-headed hydra.
The six-headed hydra is heavily wounded. "See what I see, my child!"
You detect nothing.
The six-headed hydra bites you but does no damage.
You block the six-headed hydra's attack.
The six-headed hydra barely misses you. The six-headed hydra bites you.
The six-headed hydra bites you but does no damage.
You block the six-headed hydra's attack.
You take 6 damage, and have 90/97 hp.
You hit the six-headed hydra.
The six-headed hydra flickers and vanishes!
Deactivating autopickup; reactivate with Ctrl-A.
No target in view!
No target in view!
No target in view!
No target in view!
No target in view!
No target in view!
No target in view!
You puncture something! You freeze something.
Something bites you but does no damage. Something bites you.
Something bites you but does no damage. Something bites you.
Something bites you but does no damage. Something bites you.
You take 13 damage, and have 77/97 hp.
You closely miss something. You completely miss something.
You barely miss something. Something bites you but does no damage.
Something bites you!
Something bites you but does no damage. x4
You take 7 damage, and have 71/97 hp.
You puncture something!
Nothing appears to happen.
You hit something. You hit something but do no damage. Something bites you.
You block something's attack. Something bites you!
You feel threatened and lose the ability to read scrolls!
Something bites you! x3
You take 34 damage, and have 37/97 hp.
MASSIVE DAMAGE!!
You hit something. Something bites you!
* * * LOW HITPOINT WARNING * * *
Something bites you.
* * * LOW HITPOINT WARNING * * *
Something bites you.
* * * LOW HITPOINT WARNING * * *
Something bites you but does no damage. Something bites you!!
You die... "Boring in life, boring in death..."

# # ## .## #########
..###############.#..##.#
..#....>..#P#.........<.#
#.#.......'.............#
#.'........#P#..@{......##
###.......#####.#........#
#..#.+### ###.......##
#.....# #..P..P## #..#.##
##....## #..### ##..###
##..#.### ##...#
##.......## #.#..###
..........######......##


There were no monsters in sight!

Vanquished Creatures
  2 hydras
  2 boulder beetles
  Fannar (Lair:1)
  3 two-headed ogres
  3 death yaks (D:8)
  Urug (Lair:1)
  An elephant (Lair:1)
  A guardian serpent (shapeshifter) (D:8)
  An eye of devastation (Lair:1)
  A guardian serpent (Lair:1)
  4 cane toads
  A gargoyle (D:10)
  A rime drake (Lair:2)
  5 komodo dragons
  2 trolls
  3 blink frogs (Lair:1)
  Sigmund (D:7)
  A wyvern (D:7)
  A vampire (D:6)
  A basilisk (Lair:2)
  7 yaks
  3 vampire mosquitoes (D:10)
  A steam dragon (D:9)
  Edmund (D:7)
  A warg (D:11)
  6 water moccasins
  3 orc warriors
  A black bear (D:5)
  A sky beast (D:6)
  An ice beast (D:6)
  A necrophage (D:6)
  2 ogres
  6 centaurs
  2 phantoms
  2 kobold brigands
  7 bullfrogs
  2 scorpions
  A water moccasin skeleton (D:5)
  8 killer bees
  A howler monkey (D:7)
  A vampire bat (D:3)
  13 wights
  A crimson imp (D:3)
  5 centaur zombies
  A jelly (D:5)
  5 orc priests
  6 hounds
  A scorpion zombie (D:5)
  2 iguanas
  2 orc wizards (D:10)
  A killer bee zombie (D:8)
  2 hound skeletons
  A mummy (D:5)
  2 howler monkey zombies (D:10)
  3 gnolls (D:4)
  3 adders
  2 shadow imps
  A white imp (D:7)
  2 worms
  A dart slug (D:1)
  3 fire bats (D:3)
  24 orcs
  2 spectral bats (D:3)
  4 ball pythons
  3 bat skeletons (D:3)
  A bat zombie (D:3)
  6 endoplasms
  6 giant cockroaches
  9 goblins
  5 hobgoblins
  3 jackals (D:2)
  2 quokkas
  12 bats
  A bat simulacrum (D:3)
  4 frilled lizards
  5 goblin skeletons (D:3)
  2 goblin zombies (D:3)
  2 hobgoblin zombies
  14 kobolds
  A kobold skeleton (D:3)
  5 kobold zombies
  3 orc zombies (D:3)
  8 rats
273 creatures vanquished.

Vanquished Creatures (collateral kills)
  A death yak (D:8)
  A scorpion (D:4)
  A wight (D:7)
  An adder (D:6)
  An orc (D:7)
  An endoplasm (D:1)
6 creatures vanquished.

Vanquished Creatures (others)
  A death yak (D:8)
  A howler monkey zombie (D:6)
  A hobgoblin zombie (D:3)
  15 fungi
  27 plants
45 creatures vanquished.

Grand Total: 324 creatures vanquished

Notes
Turn   | Place    | Note
-------+----------+-------------------------------------------
     0 | D:1      | SkeletonJelly the Merfolk Chaos Knight began the quest for
                  | the Orb.
     0 | D:1      | Reached XP level 1. HP: 18/18 MP: 1/1
    94 | D:1      | Reached skill level 5 in Polearms
   106 | D:1      | Found a faded altar of an unknown god.
   132 | D:1      | Reached XP level 2. HP: 17/24 MP: 2/2
   448 | D:1      | Found Lacroqo's Armour Boutique.
   545 | D:1      | XOM: silly message
  1056 | D:2      | Reached XP level 3. HP: 29/29 MP: 3/3
  1514 | D:2      | Found Eqeminass's Book Emporium.
  1806 | D:3      | Found a glowing golden altar of the Shining One.
  1813 | D:3      | XOM: enchant monster (good)
  1862 | D:3      | Reached XP level 4. HP: 35/35 MP: 4/4
  2026 | D:3      | XOM: give mutation
  2026 | D:3      | Gained mutation: Your body sometimes deteriorates upon
                  | taking damage. [Xom's mischief]
  2067 | D:3      | Found a white marble altar of Elyvilon.
  2080 | D:3      | XOM: 1-stop teleportation journey
  2507 | D:3      | XOM: give mutation
  2507 | D:3      | Gained mutation: You are clumsy. (Dex -2) [Xom's mischief]
  2646 | D:3      | Reached XP level 5. HP: 40/41 MP: 5/5
  2715 | D:3      | Reached XP level 6. HP: 54/60 MP: 6/6
  2800 | D:3      | Reached XP level 7. HP: 65/65 MP: 7/7
  2863 | D:4      | XOM: fake destruction
  2865 | D:4      | XOM: noise
  3115 | D:4      | Found a shadowy altar of Dithmenos.
  3133 | D:4      | XOM: summons 2 friendly demons
  3135 | D:4      | XOM: divination: magic mapping
  3144 | D:4      | Reached skill level 10 in Fighting
  3210 | D:4      | Reached XP level 8. HP: 56/72 MP: 8/8
  3786 | D:4      | Found a runed translucent gate.
  3786 | D:4      | Found a runed translucent gate.
  3786 | D:4      | Found a runed translucent gate.
  3786 | D:4      | Noticed AttackTheMoon's ghost (amateur GnWz)
  3786 | D:4      | Identified the +1 leather armour of Twilight {rC+ rN+ rCorr
                  | Str+4}
  3824 | D:4      | XOM: divination: detect creatures
  4030 | D:4      | Found a radiant altar of Vehumet.
  4245 | D:5      | Entered Level 5 of the Dungeon
  4257 | D:5      | Found an iron altar of Okawaru.
  4338 | D:5      | XOM: silly message
  5245 | D:5      | XOM: divination: detect creatures
  5267 | D:5      | XOM: divination: detect creatures
  5680 | D:5      | Reached XP level 9. HP: 67/81 MP: 9/9
  5754 | D:5      | XOM: god gift: 8 gold pieces
  6302 | D:6      | Found a runed translucent gate.
  6302 | D:6      | Found a runed translucent gate.
  6302 | D:6      | Found a runed translucent gate.
  6302 | D:6      | Noticed mdk's ghost (novice DECj)
  6499 | D:6      | XOM: enchant monster (good)
  6509 | D:6      | XOM: noise
  6521 | D:6      | XOM: chaos cloud
  6538 | D:6      | XOM: smoke on damage
  6951 | D:6      | XOM: god gift: 2 boomerangs
  7150 | D:6      | Identified the +0 ring mail of Gedulaxokh {Slay+2}
  7455 | D:7      | Noticed Sigmund
  7489 | D:6      | XOM: god gift: 4 javelins
  7869 | D:7      | XOM: polymorph ogre -> sky beast
  7870 | D:7      | XOM: polymorph sky beast -> wyvern
  7872 | D:7      | Noticed Edmund
  7882 | D:6      | XOM: enchant monster (good)
  8245 | D:7      | Killed Edmund
  8276 | D:7      | Killed Sigmund
  8277 | D:7      | Reached skill level 1 in Shields
  8277 | D:7      | Reached XP level 10. HP: 42/87 MP: 10/10
  8278 | D:7      | XOM: potion effect (curing)
  8541 | D:7      | XOM: noise
  8545 | D:7      | Reached skill level 2 in Shields
  8716 | D:7      | XOM: divination: detect items
  8826 | D:7      | Found a staircase to the Ecumenical Temple.
  9167 | D:8      | Found a bloodstained altar of Trog.
  9214 | D:8      | Found a staircase to the Lair.
  9215 | D:8      | Noticed a death yak
  9215 | D:8      | Noticed a death yak
  9215 | D:8      | Noticed a death yak
  9218 | D:8      | XOM: enchant monster (good)
  9222 | D:8      | Noticed a death yak
  9222 | D:8      | Noticed a death yak
  9224 | D:8      | XOM: divination: detect items
  9234 | D:8      | Killed a death yak
  9235 | D:8      | Reached skill level 3 in Shields
  9245 | D:8      | Killed a death yak
  9246 | D:8      | Reached skill level 4 in Shields
  9247 | D:8      | Killed a death yak
  9248 | D:8      | Reached skill level 5 in Shields
  9251 | D:8      | Killed a death yak
  9252 | D:8      | Reached skill level 6 in Shields
  9268 | D:8      | XOM: 4-stop teleportation journey
  9526 | D:8      | XOM: summons 1 hostile demon
  9620 | D:8      | XOM: cast spell 'Shadow Creatures'
  9625 | D:8      | Reached XP level 11. HP: 79/95 MP: 11/11
 10107 | D:9      | XOM: enchant monster (bad)
 10132 | D:9      | Noticed a two-headed ogre
 10145 | D:9      | Killed a two-headed ogre
 10146 | D:9      | Reached skill level 7 in Shields
 10161 | D:9      | XOM: divination: magic mapping
 10275 | D:9      | Found Felur's Jewellery Boutique.
 10290 | D:9      | XOM: potion effect (berserk rage)
 10297 | D:9      | Noticed a two-headed ogre
 10301 | D:9      | XOM: summons friendly shadow imp
 10304 | D:9      | XOM: divination: detect items
 10747 | D:9      | XOM: noise
 10878 | D:8      | XOM: god gift: ring of protection from cold
 11115 | D:9      | Killed a two-headed ogre
 11116 | D:9      | Reached skill level 8 in Shields
 11402 | D:10     | Entered Level 10 of the Dungeon
 11753 | D:10     | XOM: silly message
 12037 | D:10     | XOM: confuse monster(s)
 12042 | D:10     | XOM: blink monster(s)
 12043 | D:10     | Reached skill level 9 in Shields
 12380 | D:10     | XOM: summons 4 friendly demons
 12400 | D:10     | XOM: fog
 12955 | D:11     | XOM: god gift: potion of curing
 13140 | D:11     | XOM: scenery: summon butterflies
 13501 | D:11     | Found a staircase to the Orcish Mines.
 13502 | D:11     | Noticed a two-headed ogre
 13512 | D:11     | Killed a two-headed ogre
 13627 | D:11     | XOM: cast spell 'Dispersal'
 13813 | D:11     | Noticed a boulder beetle
 13818 | D:11     | XOM: divination: magic mapping
 13826 | D:11     | XOM: enchant monster (good)
 13833 | D:11     | Reached skill level 10 in Shields
 13945 | D:11     | XOM: silly message
 14401 | Lair:1   | Entered Level 1 of the Lair of Beasts
 14401 | Lair:1   | Noticed Maggie
 14401 | Lair:1   | Noticed an eight-headed hydra
 14415 | D:8      | Maggie changed into Maggie the shapeshifter
 14423 | D:8      | XOM: summons friendly iron imp
 14429 | D:8      | XOM: silly message
 14646 | D:8      | XOM: potion effect (haste)
 14647 | D:8      | XOM: enchant monster (good)
 14665 | Lair:1   | XOM: blink monster(s)
 14962 | Lair:1   | XOM: summons 1 hostile shadow creature
 14979 | Lair:1   | XOM: 3-stop teleportation journey
 14984 | Lair:1   | Noticed a boulder beetle
 14984 | Lair:1   | Noticed a boulder beetle
 15008 | Lair:1   | XOM: cast spell 'Dispersal'
 15025 | D:8      | XOM: noise
 15034 | D:8      | XOM: confuse monster(s)
 15045 | D:8      | Killed an eight-headed hydra
 15046 | D:8      | Reached skill level 11 in Shields
 15046 | D:8      | Reached XP level 12. HP: 51/102 MP: 12/12
 15239 | Lair:1   | XOM: fog
 15241 | Lair:1   | XOM: confusion
 15246 | Lair:1   | XOM: destruction
 15250 | Lair:1   | XOM: repel stairs
 15254 | Lair:1   | XOM: butterfly on damage
 15271 | Lair:1   | XOM: swap monsters
 15278 | Lair:1   | HP: 1/102 [boulder beetle (14)]
 15694 | Lair:1   | XOM: confusion
 15696 | Lair:1   | Noticed Urug
 15712 | Lair:1   | XOM: cast spell 'Summon Small Mammal'
 15723 | Lair:1   | Killed Urug
 15730 | Lair:1   | a boulder beetle changed into an eye of devastation
 15730 | Lair:1   | XOM: polymorph boulder beetle -> eye of devastation
 15824 | Lair:1   | XOM: swap monsters
 16103 | Lair:1   | Found the +3 pair of seven-league boots {Rampage+∞}
 16130 | Lair:1   | XOM: cast spell 'Alistair's Intoxication'
 16157 | Lair:1   | XOM: god gift: Xom's Handbook of Insomnia {god gift}
 16160 | Lair:1   | Got Xom's Handbook of Insomnia {god gift}
 16417 | Lair:1   | XOM: cleaving
 16713 | Lair:1   | Reached skill level 12 in Shields
 16732 | Lair:1   | XOM: potion effect (curing)
 16898 | Lair:1   | Noticed Fannar
 16899 | Lair:1   | XOM: silly message
 16903 | Lair:1   | XOM: confuse monster(s)
 16957 | Lair:1   | Killed Fannar
 17000 | Lair:1   | XOM: cast spell 'Statue Form'
 17014 | Lair:1   | XOM: noise
 17103 | Lair:1   | XOM: god gift: 11 gold pieces
 17201 | Lair:1   | XOM: noise
 17351 | Lair:1   | XOM: noise
 17977 | Lair:2   | XOM: give mutations
 17977 | Lair:2   | Lost mutation: Your body sometimes deteriorates upon taking
                  | damage. [Xom's mischief]
 17977 | Lair:2   | Gained mutation: You sometimes lose the ability to read
                  | scrolls when taking damage. [Xom's mischief]
 17977 | Lair:2   | Gained mutation: Your body sometimes deteriorates upon
                  | taking damage. [Xom's mischief]
 18126 | Lair:2   | XOM: give mutation
 18126 | Lair:2   | Gained mutation: You are frail. (-10% HP) [Xom's mischief]
 18127 | Lair:2   | XOM: blink monster(s)
 18137 | Lair:2   | XOM: summons 4 hostile demons
 18217 | Lair:2   | XOM: confusion
 18248 | Lair:2   | Reached skill level 13 in Shields
 18401 | Lair:2   | Noticed an eight-headed hydra
 18406 | Lair:2   | XOM: repel stairs
 18412 | Lair:2   | Killed an eight-headed hydra
 18498 | Lair:2   | XOM: god gift: great sword {god gift}
 18857 | Lair:2   | XOM: scenery: 1 doors open
 18866 | Lair:2   | XOM: enchant monster (bad)
 18871 | Lair:2   | XOM: potion effect (experience)
 18871 | Lair:2   | Reached skill level 14 in Shields
 18871 | Lair:2   | Reached XP level 13. HP: 54/97 MP: 13/13
 18888 | Lair:2   | XOM: potion effect (heal wounds)
 18902 | Lair:2   | XOM: noise
 19223 | Lair:2   | XOM: silly message
 19233 | Lair:2   | XOM: confuse monster(s)
 19548 | Lair:2   | XOM: divination: detect items
 19557 | Lair:2   | Slain by a six-headed hydra

Illustrated notes

Levels and vault maps discovered:
D:1:      eino_arrival_cavern_d, layout_loops_ring, serial_shops,
          nicolae_shop_behind_doors, ebering_ecumenical_altar_petrified,
          nrook_mini_backslash, minmay_stone_trees_small
D:2:      layout_loops_ring, serial_shops, shop, grunt_ministairs_6,
          kennysheep_nondescript
D:3:      layout_basic, nicolae_elyvilon_peaceful_grove,
          nicolae_tso_besieged_by_evil, chequers_serial_rivers_marsh,
          moated_statue, goddamned_bats
D:4:      corexii_shack_village, layout_cave_pods,
          mainiacjoe_overflow_large_starburst, biasface_ghost_orc_armoury
D:5:      layout_layer_cave, okawaru_gym_becter, minmay_mini_ossuary
D:6:      layout_basic, ebering_ghost_rock_garden
D:7:      layout_cave_pools, minmay_temple_entry_hall, sigmund_edmund_badplayer
D:8:      layout_gridville, nicolae_overflow_crystal_walls, dpeg_lair_monsters
D:9:      layout_rooms, serial_shops, nicolae_square_shop, minivault_1
D:10:     layout_roguey, serial_rivers, chequers_serial_rivers_room_a,
          chequers_serial_rivers_micro_d, chequers_serial_rivers_small_b,
          chequers_serial_rivers_micro_e, chequers_serial_rivers_large_b
D:11:     layout_basic, david_orc_1_choice, minmay_misc_feat_square
Lair:1:   layout_cave_pods, grunt_forest_small_clearings, st_stairs_6,
          hellmonk_guarded_unrand_seven_league_boots, uniq_fannar, uniq_maggie,
          uniq_urug
Lair:2:   layout_roguey, spider_nest_entry_funnel_web

Skill      XL: |  1  2  3  4  5  6  7  8  9 10 11 12 |
---------------+-------------------------------------+-----
Polearms       | 5 6 7 8 11 12 | 12.0
Fighting       | 9 10 11 12 | 12.0
Dodging        | 8 |  8.2
Armour         | 7 |  7.1
Shields        | 1 6 11 14 | 14.8

Action                   |  1- 3 |  4- 6 |  7- 9 | 10-12 | 13-15 || total
-------------------------+-------+-------+-------+-------+-------++-------
Melee: Spear             |   166 |   102 |   494 |   953 |   133 ||  1848
       Tailslap          |       |       |       |     2 |       ||     2
Throw: Dart              |       |       |       |     5 |       ||     5
       Javelin           |       |       |       |     2 |       ||     2
       Throwing net      |       |       |       |     1 |       ||     1
Evoke: Wand              |       |       |    22 |    42 |       ||    64
  Use: Potion            |       |     5 |     3 |     5 |     1 ||    14
       Scroll            |       |       |     9 |    11 |       ||    20
 Stab: Sleeping          |     3 |       |       |       |       ||     3
       Distracted        |     2 |       |       |     1 |       ||     3
       Confused          |       |       |     4 |    11 |       ||    15
       Paralysed         |       |       |    10 |    12 |       ||    22
       Petrified         |       |       |       |       |    25 ||    25
       Petrifying        |       |       |       |       |     1 ||     1
Armor: Leather armour    |    26 |    47 |    80 |       |       ||   153
       Ring mail         |       |       |    11 |   116 |       ||   127
       Swamp dragon scal |       |       |       |   121 |    22 ||   143
       Skin              |       |       |       |     1 |       ||     1
Dodge: Dodged            |    37 |    83 |   160 |   226 |    15 ||   521
Block: Kite shield       |       |       |       |   256 |    31 ||   287

Table legend: (Time is in decaauts)
 A = Elapsed time spent in this place.
 B = Non-inter-level travel time spent in this place.
 C = Inter-level travel time spent in this place.
 D = Time resting spent in this place.
 E = Time spent auto-exploring this place.
 F = Levels seen in this place.
 G = Mean time per level.
                   A        B        C        D        E       F      G
               +--------+--------+--------+--------+--------+-----+--------+
         Total |  18737 |  17946 |    791 |    298 |  14951 |  13 | 1441.3 |
       Dungeon |  14313 |  13671 |    642 |    298 |  11316 |  11 | 1301.2 |
          Lair |   4424 |   4276 |    148 |      0 |   3635 |   2 | 2212.0 |
               +--------+--------+--------+--------+--------+-----+--------+

Top non-repeatable levels by time:
  Lair:1: 2624 daAuts
     D:6: 2107 daAuts
     D:5: 1889 daAuts
  Lair:2: 1799 daAuts
    D:11: 1557 daAuts
     D:8: 1510 daAuts
    D:10: 1281 daAuts
     D:3: 1277 daAuts
     D:9: 1153 daAuts
     D:4: 1066 daAuts
     D:1: 972 daAuts
     D:2: 760 daAuts
     D:7: 737 daAuts
